Map: Lock & Load

Players

monk

  • Race: Terran Terran
  • Spawn Location: 7:00

Terin

  • Race: Terran Terran
  • Spawn Location: 6:00

VOD

Have the link to the VOD?

Description

Time

  • Played on: Aug. 25, 2017, 3:38 a.m.
  • Length: 15:12
Show
View Real Time Build Order
Export as new Build Order

monk Terran 

Build Orders:  

Get SALT Encoding   

  12  0:06  SCV  
  13  0:23  SCV  
  13  0:27  Supply Depot  
  15  0:40  SCV  
  16  1:00  SCV, Factory  
  16  1:17  SCV  
  17  1:34  SCV  
  17  1:37  Devastation Turret  
  19  1:50  Devastation Turret  
  19  1:51  SCV  
  19  2:08  SCV  
  20  2:25  SCV  
  20  2:28  Command Center  
  22  2:42  SCV  
  22  2:43  Refinery  
  22  2:54  SCV  
  22  2:59  SCV  
  24  3:05  Refinery  
  25  3:11  SCV  
  25  3:16  SCV  
  25  3:19  Refinery  
  26  3:28  SCV  
  27  3:31  Refinery  
  27  3:33  SCV  
  27  3:38  Factory Tech Reactor  
  28  3:45  SCV  
  30  3:50  SCV  
  31  4:02  SCV  
  31  4:07  SCV  
  33  4:20  SCV  
  33  4:24  SCV  
  33  4:27  Factory Tech Reactor  
  34  4:31  Starport, Supply Depot  
  34  4:37  SCV  
  35  4:44  SCV  
  36  4:54  SCV  
  38  5:01  SCV  
  38  5:02  Supply Depot  
  39  5:11  SCV  
  39  5:18  SCV  
  40  5:21  Starport Tech Reactor  
  40  5:26  Science Vessel  
  40  5:27  Hercules  
  40  5:28  SCV  
  46  5:35  Supply Depot, SCV  
  47  5:45  SCV  
  47  5:46  Maelstrom Rounds  
  49  5:50  Siege Tank  
  49  5:52  SCV  
  53  6:02  SCV  
  53  6:05  Supply Depot, Siege Tank  
  56  6:15  Science Vessel  
  60  6:21  SCV x2  
  60  6:38  Supply Depot, SCV  
  60  6:39  SCV  
  62  6:45  Siege Tank x2  
  68  6:55  SCV  
  68  6:56  SCV  
  70  7:10  Improved Nano-Repair  
  70  7:14  SCV x2  
  72  7:21  Siege Tank x2  
  78  7:34  Supply Depot  
  78  7:43  Armory  
  80  7:51  SCV x2  
  80  8:04  Devastation Turret  
  80  8:07  Supply Depot  
  80  8:08  SCV  
  50  8:10  Siege Tank  
  81  8:16  Siege Tank  
  87  8:26  SCV  
  87  8:28  Defensive Matrix  
  88  8:49  SCV  
  89  8:56  Goliath  
  89  8:57  Goliath  
  89  8:59  Upgrade Laser Drill Level 1  
  93  9:00  Terran Vehicle and Ship Weapons Level 1, Factory  
  93  9:02  Supply Depot  
  93  9:12  Science Vessel x2, Ares-Class Targeting System  
  97  9:27  Factory Tech Reactor  
  97  9:29  SCV  
  101  10:01  Goliath x2  
  101  10:05  Supply Depot x2  
  102  10:11  Devastation Turret  
  102  10:17  Goliath x2  
  106  10:29  Multi-Lock Weapons System  
  106  10:33  Goliath x2  
  110  10:43  Devastation Turret  
  110  10:49  Goliath x2  
  114  11:05  Goliath x2  
  118  11:12  Supply Depot  
  118  11:13  Supply Depot  
  118  11:27  Goliath x2  
  122  11:40  Goliath x2  
  126  11:59  Goliath x2  
  130  12:02  Supply Depot  
  130  12:03  Supply Depot  
  126  12:12  Goliath  
  126  12:17  Goliath  
  130  12:31  Goliath  
  130  12:35  Goliath  
  134  12:45  Goliath  
  136  12:55  SCV  
  137  13:04  Goliath x2  
  137  13:07  Goliath  
  143  13:18  Goliath  
  145  13:36  Goliath x2  
  149  13:49  Goliath  
  147  13:50  Goliath  
  145  14:08  Goliath x2  
  147  14:21  Goliath  
  149  14:35  Goliath  
Show
View Real Time Build Order
Export as new Build Order

Terin Terran 

Build Orders:  

Get SALT Encoding   

Tags
 
Commander
RaynorSwann
Matchup
Co-op
Replay Pack
Co-op Speedrun
Add a new tag
Caveats
  • Supply blocks, unpowered buildings, or Contaminate may cause inaccurate times.
  • Supply counts are checked every 10 seconds.